General information
- name: BNet
- type: Ladder team game (AT/RT)
- host: Battle.net
- saver: fineX
map: PhantomGrove
- players: 4
- length: 13:16
- speed: Fast
- version: 1.23 W3XP
- replay type: Public
» download(64 KB)
Players
team 1 (loser)
digital_rape (
purple | 56 APM | 729 actions | 13:05)
2 Demon Hunter
1 Evasion
1 Mana Burn
1 Dark Ranger
1 Black Arrow
» actions
| Basic commands | 3 | |
| Build / train | 59 | |
| Enter build submenu | 18 | |
| Enter hero's abilities submenu | 3 | |
| Give item / drop item | 3 | |
| Remove unit from queue | 3 | |
| Right click | 341 | |
| Select / deselect | 261 | |
| Use ability | 38 | |
729 total
» units
| Wisp | 19 | |
| Archer | 12 | |
| Huntress | 2 | |
| Hippogryph | 4 | |
| Druid of the Talon | 2 | |
39 total
» upgrades
| Strength of the Moon | 2 | |
| Improved Bows | 1 | |
| Druid of the Talon Training | 1 | |
4 total
» buildings
| Moon Well | 5 | |
| Altar of Elders | 1 | |
| Ancient of War | 2 | |
| Hunter's Hall | 1 | |
| Ancient of Wonders | 1 | |
| Tree of Life | 2 | |
| Tree of Ages | 1 | |
| Tree of Eternity | 1 | |
| Ancient of Wind | 4 | |
| Ancient of Lore | 1 | |
19 total
» build order
00:20 Moon Well
00:37 Altar of Elders
01:14 Ancient of War
01:18 Moon Well
02:14 Hunter's Hall
02:32 Moon Well
03:34 Ancient of Wonders
04:16 Tree of Life
05:40 Tree of Ages
06:28 Ancient of War
07:06 Moon Well
08:10 Tree of Eternity
08:37 Ancient of Wind
08:41 Ancient of Wind
09:33 Moon Well
11:03 Ancient of Wind
11:12 Ancient of Lore
11:16 Ancient of Wind
12:06 Tree of Life
» items
| Moonstone | 2 | |
| Potion of Healing | 1 | |
| Staff of Preservation | 2 | |
| Orb of Venom | 1 | |
6 total
orc-boner (
teal | 42 APM | 550 actions | 13:14)
2 Death Knight
1 Death Coil
1 Unholy Aura
2 Crypt Lord
1 Carrion Beetles
1 Spiked Carapace
» actions
| Basic commands | 12 | |
| Build / train | 29 | |
| Enter build submenu | 14 | |
| Enter hero's abilities submenu | 4 | |
| Right click | 251 | |
| Select / deselect | 196 | |
| Use ability | 44 | |
550 total
» units
| Acolyte | 2 | |
| Ghoul | 4 | |
| Crypt Fiend | 4 | |
| Abomination | 4 | |
14 total
» upgrades
» buildings
| Ziggurat | 6 | |
| Crypt | 1 | |
| Graveyard | 1 | |
| Altar of Darkness | 1 | |
| Tomb of Relics | 2 | |
| Halls of the Dead | 1 | |
| Nerubian Tower | 1 | |
| Black Citadel | 1 | |
| Slaughterhouse | 2 | |
16 total
» build order
00:11 Ziggurat
00:15 Crypt
00:40 Graveyard
01:00 Altar of Darkness
01:29 Ziggurat
02:33 Tomb of Relics
03:20 Halls of the Dead
04:08 Ziggurat
04:20 Nerubian Tower
06:04 Black Citadel
06:08 Slaughterhouse
06:23 Slaughterhouse
06:43 Ziggurat
07:25 Tomb of Relics
08:03 Ziggurat
11:03 Ziggurat
» items
| Dust of Appearance | 1 | |
| Rod of Necromancy | 1 | |
| Scroll of Town Portal | 1 | |
3 total
team 2 (winner)
fineX (
pink | 88 APM | 1173 actions | 13:16)
5 Tauren Chieftain
3 Shockwave
2 Endurance Aura
» actions
| Assign group hotkey | 46 | |
| Build / train | 44 | |
| Enter build submenu | 13 | |
| Enter hero's abilities submenu | 5 | |
| Give item / drop item | 2 | |
| Right click | 613 | |
| Select / deselect | 152 | |
| Select group hotkey | 267 | |
| Use ability | 31 | |
1173 total
» units
| Peon | 7 | |
| Troll Headhunter/Berserker | 10 | |
| Wind Rider | 7 | |
24 total
» upgrades
| Ranged Weapons | 2 | |
| Troll Regeneration | 1 | |
| Envenomed Spears | 1 | |
| Berserker Upgrade | 1 | |
5 total
» buildings
| Altar of Storms | 1 | |
| Orc Burrow | 4 | |
| War Mill | 1 | |
| Barracks | 1 | |
| Stronghold | 1 | |
| Voodoo Lounge | 2 | |
| Beastiary | 2 | |
| Fortress | 1 | |
| Great Hall | 1 | |
14 total
» build order
00:04 Altar of Storms
00:06 Orc Burrow
00:45 War Mill
01:13 Barracks
01:54 Orc Burrow
02:39 Orc Burrow
03:31 Stronghold
04:00 Orc Burrow
04:13 Voodoo Lounge
05:18 Voodoo Lounge
06:09 Beastiary
06:11 Beastiary
08:19 Fortress
11:57 Great Hall
» items
| Healing Salve | 3 | |
| Lesser Clarity Potion | 1 | |
| Potion of Mana | 1 | |
| Scroll of Town Portal | 1 | |
| Orb of Lightning | 1 | |
7 total
nonent (
red | 87 APM | 1155 actions | 13:15)
3 Blademaster
2 Wind Walk
1 Critical Strike
» actions
| Assign group hotkey | 16 | |
| Build / train | 38 | |
| Enter build submenu | 14 | |
| Enter hero's abilities submenu | 3 | |
| Right click | 523 | |
| Select / deselect | 115 | |
| Select group hotkey | 387 | |
| Use ability | 59 | |
1155 total
» units
» upgrades
| Berserker Strength | 1 | |
| Pillage | 1 | |
| Ensnare | 1 | |
| Melee Weapons | 2 | |
| Armor | 2 | |
7 total
» buildings
| Orc Burrow | 4 | |
| Altar of Storms | 1 | |
| Barracks | 1 | |
| Stronghold | 1 | |
| Voodoo Lounge | 1 | |
| Beastiary | 5 | |
| War Mill | 1 | |
| Great Hall | 1 | |
15 total
» build order
00:21 Orc Burrow
00:37 Altar of Storms
00:50 Barracks
01:36 Orc Burrow
02:33 Stronghold
03:16 Orc Burrow
04:02 Voodoo Lounge
05:22 Beastiary
05:23 Beastiary
05:38 Beastiary
05:49 Beastiary
06:08 Beastiary
06:20 Orc Burrow
06:41 War Mill
10:51 Great Hall
» items
| Healing Salve | 2 | |
| Scroll of Speed | 3 | |
| Potion of Healing | 1 | |
| Scroll of Protection | 1 | |
| Scroll of Town Portal | 1 | |
8 total
Chat log
(00:17 / Allies) fineX: f
(01:41 / All) nonent: gl hf